 Dungeon Crawl Stone Soup version 0.15.1-1-gfacfea3 (webtiles) character file.

228 Kashira the Chiller (level 5, 21/21 HPs)
             Began as a Felid Ice Elementalist on Sept 24, 2014.
             Quit the game on Level 5 of the Dungeon.
             The game lasted 00:19:45 (5983 turns).

Kashira the Chiller (Felid Ice Elementalist)        Turns: 5983, Time: 00:19:46

HP  21/21        AC  2     Str  6      XL: 5   Next: 70%
MP  16/16        EV 19     Int 17      God:
Gold 134         SH  0     Dex 16      Spells:  4 memorised,  3 levels left
Lives: 0, deaths: 1

rFire  . . .     SeeInvis +     (weapon unavailable)
rCold  . . .     Clarity  .     (armour unavailable)
rNeg   + . .     rCorr    .     (shield unavailable)
rPois  .         rRot     .     (helmet unavailable)
rElec  .         Spirit   .     (cloak unavailable)
SustAb .         Warding  +     (gloves unavailable)
rMut   .         Stasis   .     (boots unavailable)
Gourm  .                        n - amulet of warding
MR     .....                    (no ring)
                                (no ring)

@: quick, not resistant to hostile enchantments, fairly stealthy
A: paw claws, no armour, no weapons or thrown items, fangs 3, see invisible,
carnivore 3, speed 1, shaggy fur 2, slow metabolism 1, jump 2
a: Jump Attack


You were on level 5 of the Dungeon.
You were not hungry.

You visited 1 branch of the dungeon, and saw 5 of its levels.

You collected 134 gold pieces.

Inventory:

Magical devices
 o - a wand of polymorph (16)
Comestibles
 c - 5 meat rations
 s - 2 rotting chunks of hobgoblin flesh
 t - a slice of pizza
Scrolls
 d - a scroll of identify
 k - a scroll of amnesia {unknown}
 m - a scroll of immolation {unknown}
 q - a scroll of remove curse {unknown}
 r - a scroll of teleportation {unknown}
Jewellery
 n - an amulet of warding (around neck)
Potions
 a - 2 potions of haste
 e - a potion of cancellation {unknown}
 f - a potion of curing {unknown}
 g - 2 potions of flight
 h - a potion of agility {unknown}
 j - a potion of cure mutation {unknown}
 l - a potion of confusion {unknown}
 p - 3 potions of heal wounds {unknown}
Books
 b - a book of Frost

   Spells                             Type                      Level
   *Freeze                            Ice                          1
   *Throw Frost                       Conjuration/Ice              2
   *Ozocubu's Armour                  Charms/Ice                   3
   Throw Icicle                       Conjuration/Ice              4
   Summon Ice Beast                   Ice/Summoning                4
   *Condensation Shield               Ice                          4


   Skills:
 + Level 3.6 Dodging
 - Level 3.0 Stealth
 - Level 0.4 Unarmed Combat
 + Level 4.5 Spellcasting
 + Level 2.1 Conjurations
 + Level 0.2 Charms
 + Level 4.6 Ice Magic


You had 3 spell levels left.
You knew the following spells:

 Your Spells              Type           Power        Failure   Level  Hunger
a - Freeze                Ice            ###.         2%          1    None
b - Throw Frost           Conj/Ice       ###...       6%          2    #......
c - Ozocubu's Armour      Chrm/Ice       ##......     17%         3    ###....
d - Condensation Shield   Ice            ###.......   24%         4    ####...


Dungeon Overview and Level Annotations

Branches:
Dungeon (5/15)
 Temple: D:4-7

Altars:

Annotations:
D:5 Natasha


Innate Abilities, Weirdness & Mutations

You cannot wear armour.
You are incapable of wielding weapons or throwing items.
Your paws have sharp claws.
You have razor-sharp teeth.
You have supernaturally acute eyesight.
You are carnivorous and can eat meat at any time.
You cover ground quickly.
You are covered in thick fur (AC +2).
You have a slow metabolism.
You can jump attack at a medium distance.


Message History

Evoke which item? (* to show all) (? for menu, Esc to quit)
Zapping:
o - a wand of polymorph {zapped: 2}
Press: ? - help, Shift-Dir - straight line, f/p - wyvern
Aim: a wyvern The wyvern evaporates and reforms as a fire drake!
The fire drake barely misses you.
Read which item? (? for menu, Esc to quit)
Okay, then.
Read which item? (? for menu, Esc to quit)
As you read the scroll labeled MACRA ZEMUIF, it crumbles to dust.
You assume a fearsome visage.
The fire drake looks frightened!
It was a scroll of fear.
The fire drake breathes flames at you. The blast of flame hits you!
Ouch! That really hurt!
You die...
You are now level 5!
You rejoin the land of the living...
A rat comes into view.
Are you sure you want to abandon this character and quit the game? (Confirm with "yes".)

...
#....##
#......#
#.......#
#.......
#.......
#.....#
#.....#
#...@#
##r.##
###


You could see a rat (sleeping).

Vanquished Creatures
  An orc priest (D:4)
  3 worker ants
  2 iguanas (D:5)
  9 gnolls
  4 adders
  2 worms (D:3)
  A giant mite (D:5)
  An iguana skeleton (D:4)
  4 giant geckos
  2 oozes
  18 orcs
  3 giant cockroaches
  15 goblins
  15 hobgoblins
  3 jackals (D:3)
  4 quokkas
  12 bats
  4 giant newts
  5 kobolds
  16 rats
124 creatures vanquished.

Notes
Turn   | Place    | Note
--------------------------------------------------------------
     0 | D:1      | Kashira, the Felid Ice Elementalist, began the quest for the Orb.
     0 | D:1      | Reached XP level 1. HP: 7/7 MP: 4/4
   183 | D:1      | Reached skill level 3 in Dodging
   409 | D:1      | Reached XP level 2. HP: 7/11 MP: 3/5
  1388 | D:2      | Learned a level 2 spell: Throw Frost
  1536 | D:2      | Reached XP level 3. HP: 11/14 MP: 6/8
  1559 | D:2      | Reached skill level 1 in Conjurations
  1962 | D:1      | Learned a level 3 spell: Ozocubu's Armour
  2344 | D:3      | Reached XP level 4. HP: 7/18 MP: 1/11
  3817 | D:2      | Reached skill level 4 in Ice Magic
  3839 | D:2      | Reached XP level 5. HP: 21/21 MP: 5/14
  4494 | D:4      | Noticed a phantom
  4503 | D:4      | Learned a level 4 spell: Condensation Shield
  4898 | D:4      | Gained mutation: You are covered in thick fur (AC +2). [growing up]
  4898 | D:4      | Gained mutation: You can jump attack at a medium distance. [growing up]
  4898 | D:4      | Reached XP level 6. HP: 24/24 MP: 2/18
  5294 | D:5      | Entered Level 5 of the Dungeon
  5857 | D:5      | Noticed Natasha
  5979 | D:5      | Noticed a wyvern
  5979 | D:5      | a sky beast changed into a wyvern
  5981 | D:5      | Noticed a fire drake
  5981 | D:5      | a wyvern changed into a fire drake
  5982 | D:5      | Killed from afar by a fire drake
  5983 | D:5      | Reached XP level 5. HP: -5/21 MP: 7/16
  5983 | D:5      | Quit the game

Action                   |  1- 3 |  4- 6 || total
-------------------------+-------+-------++-------
Melee: Unarmed           |    17 |    13 ||    30
 Cast: Freeze            |    81 |   110 ||   191
       Throw Frost       |    11 |    88 ||    99
       Ozocubu's Armour  |     1 |     1 ||     2
Evoke: Wand              |       |     3 ||     3
  Use: Scroll            |     2 |     3 ||     5
 Stab: Sleeping          |     1 |       ||     1
  Eat: Chunk             |    12 |     9 ||    21
